Map: Old Republic LE

Players

HoldTheDoor - Winner!

  • Race: Protoss Protoss
  • League: Diamond
  • Spawn Location: 7:00

BRRRZZZ

  • Race: Protoss Protoss
  • League: Diamond
  • Spawn Location: 1:00

VOD

Have the link to the VOD?

Description

Time

  • Played on: May 12, 2026, 11:24 a.m.
  • Length: 15:56
Show
View Real Time Build Order
Export as new Build Order

HoldTheDoor Protoss - Winner!

Build Orders: Oracle Opening, Carriers 

Get SALT Encoding   

  12  0:00  Probe  
  13  0:12  Probe  
  14  0:17  Pylon  
  14  0:24  Probe  
  15  0:32  Probe  
  15  0:38  Gateway  
  15  0:40  Probe  
  16  0:49  Assimilator  
  17  0:50  Probe  
  18  1:03  Probe  
  19  1:09  Assimilator  
  19  1:14  Gateway  
  19  1:15  Probe  
  20  1:31  Cybernetics Core, Probe  
  21  1:39  Pylon  
  21  1:50  Probe  
  22  2:01  Warp Gate  
  22  2:02  Probe  
  22  2:05  Stalker  
  22  2:06  Stalker  
  27  2:18  Pylon  
  27  2:25  Probe  
  28  2:37  Stargate  
  28  2:42  Sentry  
  28  2:44  Zealot  
  32  2:57  Probe  
  33  3:01  Shield Battery  
  33  3:11  Oracle  
  36  3:31  Pylon  
  36  3:33  Twilight Council  
  36  3:38  Gateway  
  36  3:39  Gateway  
  36  3:55  Nexus  
  36  4:04  Phoenix  
  36  4:07  Probe  
  39  4:13  Pylon  
  39  4:19  Probe  
  41  4:31  Probe  
  41  4:43  Probe  
  42  4:54  Charge  
  42  4:55  Probe  
  43  5:00  Fleet Beacon  
  43  5:07  Pylon, Probe  
  43  5:09  Probe  
  45  5:15  Shield Battery  
  45  5:19  Probe  
  45  5:20  Assimilator  
  45  5:21  Probe  
  47  5:25  Zealot  
  47  5:28  Zealot  
  51  5:31  Probe  
  51  5:33  Probe  
  53  5:44  Probe  
  53  5:45  Assimilator  
  53  5:47  Pylon  
  55  5:50  Probe  
  55  5:57  Carrier  
  55  6:00  Probe  
  55  6:04  Probe  
  63  6:12  Probe  
  63  6:16  Probe  
  65  6:21  Stargate  
  65  6:22  Stargate  
  65  6:24  Probe  
  66  6:26  Pylon  
  66  6:28  Probe  
  67  6:36  Probe  
  67  6:38  Zealot  
  67  6:39  Zealot x3  
  76  6:43  Blink  
  76  6:58  Nexus  
  76  7:03  Pylon  
  76  7:08  Probe  
  76  7:09  Probe  
  78  7:16  Carrier  
  78  7:21  Probe  
  85  7:25  Probe  
  86  7:32  Forge  
  86  7:36  Pylon  
  86  7:40  Carrier  
  92  8:02  Carrier  
  98  8:09  Photon Cannon  
  98  8:12  Photon Cannon  
  98  8:15  Photon Cannon  
  98  8:18  Pylon  
  98  8:20  Pylon  
  98  8:24  Photon Cannon  
  91  8:39  Probe  
  91  8:40  Probe  
  93  8:47  Pylon  
  93  8:49  Photon Cannon  
  93  8:56  Photon Cannon  
  93  8:57  Tempest  
  93  9:00  Photon Cannon  
  93  9:02  Probe  
  98  9:03  Probe  
  98  9:05  Photon Cannon  
  99  9:11  Carrier  
  99  9:16  Assimilator, Probe  
  106  9:17  Probe  
  106  9:24  Probe  
  108  9:28  Probe  
  108  9:30  Assimilator  
  109  9:31  Pylon  
  109  9:34  Pylon  
  109  9:39  Probe, Photon Cannon  
  110  9:48  Carrier  
  116  9:53  Stalker  
  116  9:55  Stalker  
  116  9:58  Sentry  
  122  10:08  Probe  
  123  10:15  Photon Cannon  
  123  10:16  Probe  
  123  10:17  Stalker  
  123  10:18  Stalker x2  
  130  10:21  Tempest  
  130  10:26  Protoss Ground Armor Level 1  
  134  10:30  Carrier  
  140  10:43  Forge  
  140  10:45  Protoss Air Weapons Level 1  
  140  10:46  Stalker  
  140  10:47  Stalker  
  144  10:50  Sentry  
  146  11:08  Stalker  
  146  11:09  Stalker  
  146  11:11  Stalker  
  152  11:38  Carrier x2  
  164  11:55  Pylon  
  164  11:57  Pylon  
  164  11:59  Carrier  
  164  12:00  Pylon  
  162  12:03  Pylon  
  162  12:08  Stalker x2  
  162  12:12  Pylon  
  164  12:17  Stalker  
  164  12:18  Stalker, Pylon  
  164  12:19  Protoss Ground Weapons Level 1  
  164  12:22  Protoss Ground Armor Level 2  
  168  12:25  Gateway  
  168  12:27  Gateway  
  168  12:31  Gateway  
  168  12:32  Gateway  
  168  12:39  Protoss Air Armor Level 1  
  168  12:49  Nexus  
  168  12:54  Photon Cannon  
  168  12:58  Pylon  
  164  13:37  Tempest x3  
  176  14:01  Stalker x6  
  188  14:11  Probe x4  
  192  14:22  Pylon  
  192  14:30  Pylon  
  192  14:36  Assimilator  
  192  14:43  Assimilator  
  192  14:46  Photon Cannon  
  192  14:48  Pylon  
  192  14:59  Stalker  
  194  15:02  Sentry  
  194  15:05  Stalker  
  194  15:06  Stalker  
  200  15:14  Photon Cannon  
  200  15:16  Photon Cannon  
  200  15:19  Pylon  
Show
View Real Time Build Order
Export as new Build Order

BRRRZZZ Protoss 

Build Orders: 1 Gate Expand, Phoenix Opening 

Get SALT Encoding   

  12  0:00  Probe  
  13  0:12  Probe  
  14  0:18  Pylon  
  14  0:24  Probe  
  15  0:32  Probe  
  15  0:38  Gateway  
  15  0:40  Probe  
  16  0:46  Assimilator  
  17  0:51  Probe  
  18  0:58  Assimilator  
  18  1:03  Probe  
  19  1:15  Probe  
  20  1:33  Nexus  
  20  1:43  Cybernetics Core, Probe  
  21  1:50  Pylon  
  21  1:56  Probe  
  22  2:08  Stalker, Probe  
  23  2:20  Probe, Warp Gate  
  26  2:28  Pylon  
  26  2:40  Shield Battery  
  26  2:41  Sentry  
  28  2:44  Probe  
  28  2:48  Robotics Facility  
  29  2:51  Gateway  
  29  3:04  Pylon  
  29  3:07  Pylon  
  29  3:08  Stalker  
  29  3:10  Assimilator  
  31  3:20  Pylon  
  31  3:21  Probe  
  32  3:28  Gateway  
  32  3:34  Phoenix  
  32  3:35  Immortal  
  32  3:37  Shield Battery  
  36  3:50  Pylon  
  36  3:59  Pylon  
  36  4:10  Sentry x2  
  40  4:18  Observer  
  34  4:36  Stalker  
  34  4:37  Stalker x2  
  38  4:57  Probe  
  38  4:59  Phoenix  
  39  5:09  Probe  
  40  5:15  Probe  
  41  5:22  Probe  
  41  5:27  Probe  
  43  5:34  Probe  
  44  5:39  Probe  
  45  5:42  Stargate  
  45  5:46  Probe  
  45  5:47  Shield Battery  
  46  5:51  Probe  
  47  5:58  Probe  
  47  6:03  Probe  
  49  6:05  Stargate, Pylon  
  49  6:10  Probe  
  50  6:15  Probe  
  51  6:20  Protoss Air Weapons Level 1  
  51  6:22  Probe  
  52  6:27  Probe  
  52  6:28  Phoenix  
  55  6:38  Probe  
  55  6:39  Probe  
  57  6:41  Pylon  
  57  6:50  Probe  
  58  6:56  Phoenix x2  
  62  7:05  Forge  
  62  7:07  Probe x2  
  64  7:19  Probe  
  64  7:21  Phoenix  
  67  7:22  Phoenix  
  67  7:28  Observer  
  70  7:33  Probe  
  70  7:34  Probe  
  72  7:43  Photon Cannon  
  72  7:44  Shield Battery  
  72  7:49  Immortal  
  76  7:59  Phoenix x2  
  80  8:29  Nexus  
  78  8:37  Phoenix  
  78  8:45  Stargate  
  78  8:48  Stargate  
  78  8:49  Probe x2  
  78  8:52  Assimilator  
  78  8:55  Protoss Shields Level 1  
  80  9:01  Probe  
  81  9:04  Probe  
  82  9:13  Probe  
  82  9:17  Probe  
  84  9:22  Pylon  
  84  9:24  Assimilator  
  84  9:25  Probe  
  84  9:27  Phoenix x2  
  84  9:28  Assimilator  
  84  9:29  Probe  
  90  9:37  Probe  
  91  9:41  Probe  
  91  9:44  Fleet Beacon  
  92  9:48  Probe  
  92  9:49  Probe  
  92  9:52  Shield Battery  
  94  9:54  Photon Cannon  
  94  9:57  Phoenix  
  95  10:15  Nexus  
  95  10:16  Probe x2  
  95  10:18  Pylon  
  95  10:20  Pylon  
  98  10:28  Probe  
  98  10:29  Anion Pulse-Crystals  
  98  10:33  Nexus, Pylon  
  98  10:39  Cybernetics Core, Gateway  
  98  10:44  Phoenix x2, Protoss Air Weapons Level 2  
  102  10:52  Observer  
  97  11:05  Phoenix x2  
  97  11:08  Sentry x2  
  105  11:22  Probe x2  
  107  11:26  Probe  
  107  11:30  Gateway  
  106  11:36  Phoenix x2  
  106  11:37  Phoenix x2  
  114  11:40  Gateway  
  112  12:01  Phoenix x2  
  114  12:09  Stalker x2  
  114  12:10  Stalker x2  
  122  12:20  Gateway  
  122  12:25  Gateway, Probe x3  
  122  12:26  Protoss Ground Weapons Level 1  
  125  12:34  Pylon  
  125  12:38  Probe  
  125  12:39  Probe  
  125  12:40  Assimilator  
  125  12:41  Nexus  
  125  12:43  Assimilator  
  127  12:44  Pylon  
  127  12:47  Carrier  
  127  12:48  Carrier, Assimilator  
  139  12:58  Protoss Air Armor Level 1  
  138  13:10  Stalker x3  
  140  13:18  Phoenix x2  
  100  13:36  Stalker x4  
  100  13:37  Stalker x2  
  110  13:43  Phoenix  
  86  14:07  Carrier  
  92  14:13  Probe  
  92  14:14  Probe  
  94  14:20  Probe x2  
  96  14:26  Probe  
  96  14:29  Assimilator  
  97  14:33  Shield Battery  
  97  14:34  Photon Cannon  
  97  14:36  Pylon, Probe  
  97  14:37  Probe x2  
  97  14:38  Probe  
  101  14:47  Forge  
  101  14:48  Probe  
  102  14:54  Twilight Council  
  114  15:17  Probe x3  
  114  15:18  Probe  
  114  15:20  Nexus, Pylon  
  117  15:22  Assimilator  
  117  15:26  Assimilator, Probe  
  115  15:35  Probe  
  115  15:40  Sentry  
  115  15:41  Stalker x5  
Tags
 
Add a new tag
Caveats
  • Supply blocks, unpowered buildings, or Contaminate may cause inaccurate times.
  • Supply counts are checked every 10 seconds.